 Dungeon Crawl Stone Soup version 0.28.0-45-g0d030f2227 (webtiles) character file.

Game seed: 13112467623826928487

2 sanboga the Skirmisher (level 1, -1/14 HPs)
             Began as a Gargoyle Fighter on Apr 12, 2022.
             Slain by a jackal (2 damage)
             ... on level 1 of the Dungeon.
             The game lasted 00:00:20 (89 turns).

sanboga the Skirmisher (Gargoyle Fighter)             Turns: 89, Time: 00:00:21

Health: -1/14      AC:  9    Str: 19    XL:     1   Next: 30%
Magic:  1/1        EV:  9    Int:  8    God:
Gold:   0          SH:  4    Dex:  9    Spells: 0/0 levels left

rFire   . . .      SeeInvis .   a - +0 war axe
rCold   . . .      Faith    .   c - +0 buckler
rNeg    + . .      Spirit   .   b - +0 scale mail
rPois   ∞          Reflect  .   (no helmet)
rElec   +          Harm     .   (no cloak)
rCorr   .          Rampage  .   (no gloves)
Will    .....                   (no boots)
Stlth   ..........              (no amulet)
HPRegen 0.04/turn               (no ring)
MPRegen 0.07/turn               (no ring)

@: no status effects
A: sickness immunity, AC +2, negative energy resistance 1, electricity
resistance, torment resistance 1, petrification resistance
a: no special abilities


You were on level 1 of the Dungeon.
You visited 1 branch of the dungeon, and saw 1 of its levels.

Inventory:

Hand Weapons
 a - a +0 war axe (weapon)
Armour
 b - a +0 scale mail (worn)
 c - a +0 buckler (worn)
Potions
 d - a potion of might


   Skills:
 + Level 3.3 Fighting
 * Level 1.8 Axes
 + Level 3.3 Armour
 + Level 3.3 Shields


You couldn't memorise any spells.
You didn't know any spells.
Your spell library was empty.

Dungeon Overview and Level Annotations

Branches:
Dungeon (1/15)

Altars:


Innate Abilities, Weirdness & Mutations

You are immune to sickness and miasma.
Your stone body is resilient. (AC +2)
You are immune to poison.
You resist negative energy. (rN+)
You are resistant to electric shocks. (rElec)
You are resistant to unholy torment.
You are immune to petrification.


Message History

The jackal bites you but does no damage.
You block the jackal's attack. The jackal bites you.
The jackal bites you but does no damage.
You block the jackal's attack. The jackal barely misses you.
You block the jackal's attack. The jackal closely misses you.
The jackal bites you but does no damage.
The jackal barely misses you.
The jackal bites you but does no damage. x2
The jackal closely misses you. The jackal barely misses you.
The jackal bites you.
* * * LOW HITPOINT WARNING * * *
The jackal closely misses you. The jackal barely misses you.
You block the jackal's attack.
The jackal bites you but does no damage. x3
You block the jackal's attack.
The jackal bites you but does no damage.
The jackal closely misses you. The jackal misses you.
The jackal bites you but does no damage.
The jackal bites you but does no damage.
You block the jackal's attack.
The jackal bites you but does no damage.
The jackal barely misses you. The jackal closely misses you.
The jackal bites you but does no damage. x2
You block the jackal's attack.
The jackal bites you but does no damage.
The jackal barely misses you.
The jackal bites you but does no damage.
The jackal closely misses you. The jackal barely misses you.
You block the jackal's attack. The jackal misses you.
The jackal bites you but does no damage.
The jackal closely misses you. You block the jackal's attack.
The jackal closely misses you. The jackal barely misses you.
The jackal bites you.
* * * LOW HITPOINT WARNING * * *
The jackal bites you.
* * * LOW HITPOINT WARNING * * *
You block the jackal's attack. The jackal bites you.
You die...

######## #...hh@#
+....hh#
#......######
#....#..†>..## .
#....#.#.....# ..
#....#.#.##..#...
#....#....)......
#....####.#..#...
#................


You could see 4 jackals.

Vanquished Creatures
  A goblin (D:1)
  A bat (D:1)
2 creatures vanquished.

Notes
Turn   | Place    | Note
-------+----------+-------------------------------------------
     0 | D:1      | sanboga the Gargoyle Fighter began the quest for the Orb.
     0 | D:1      | Reached XP level 1. HP: 14/14 MP: 1/1
    89 | D:1      | Slain by a jackal

Illustrated notes

Levels and vault maps discovered:
D:1:      beargit_arrival_greenhouse, layout_basic

Action                   || total
-------------------------++-------
Melee: War axe           ||    23
Armor: Scale mail        ||    90
Dodge: Dodged            ||    73
Block: Buckler           ||    38
